Description

Who likes macro anyways?

Build Order

Get SALT Encoding   

  13  0:12  Overlord  
  16  0:48  Hatchery  
  17  1:10  Extractor  
  16  1:15  Spawning Pool  
  22  2:00  Queen x2  
  26  2:03  Overlord  
  27  2:11  Metabolic Boost  
  30  2:33  Hatchery  
  30  2:48  Zergling x6  
  32  2:53  Overlord  
  32  3:10  Zergling x10  
  41  3:19  Roach Warren  
  42  3:29  Overlord x3  
  41  3:45  Baneling Nest  
  40  4:00  Roach x10  
Spawning Tool Build Advisor. Get it on Overwolf

Go to:

Details

  • Created by: sandersmit23
  • Published on: Apr 10, 2020
  • Modified on: Apr 10, 2020
  • Patch: 4.11.0
Show
View Real Time Build Order
Export as new Build Order

Comments (0)

There are no comments. Be the first!

Create an account to comment!